 Dungeon Crawl Stone Soup version 0.28-a0-1159-g27aa881441 (webtiles) character file.

Game seed: 2157480610028861954

268 bande the Shield-Bearer (level 6, -1/57 HPs)
             Began as a Gargoyle Fighter on Dec 15, 2021.
             Slain by an orc (3 damage)
             ... on level 3 of the Dungeon.
             The game lasted 00:04:25 (2343 turns).

bande the Shield-Bearer (Gargoyle Fighter)          Turns: 2343, Time: 00:04:25

Health: -1/57      AC: 23    Str: 20    XL:     6   Next: 21%
Magic:  3/6        EV:  2    Int:  8    God:
Gold:   125        SH:  5    Dex: 11    Spells: 5/5 levels left

rFire   . . .      SeeInvis .   a - +0 war axe
rCold   + . .      Faith    .   c - +0 buckler
rNeg    + . .      Spirit   .   (armour currently unavailable)
rPois   ∞          Reflect  .   (helmet currently unavailable)
rElec   .          Harm     .   (cloak currently unavailable)
rCorr   +          Rampage  .   (gloves currently unavailable)
Will    .....      NoTele   +   (boots currently unavailable)
Stlth   +.........              (no amulet)
HPRegen 0.19/turn               g - ring of resist corrosion
MPRegen 0.10/turn               k - ring of protection from cold

@: tree-form
A: stationary, stasis, torment immunity, boosted hp, sickness immunity, AC +4,
negative energy resistance 1, (electricity resistance), torment resistance 1,
petrification resistance
a: no special abilities


You were on level 3 of the Dungeon.
You were a tree.
You visited 1 branch of the dungeon, and saw 4 of its levels.

You collected 125 gold pieces.

Inventory:

Hand Weapons
 a - a +0 war axe (weapon)
Armour
 b - a +0 scale mail (melded)
 c - a +0 buckler (worn)
 e - a +0 pair of boots (melded)
 l - a +2 helmet (melded)
Jewellery
 g - a ring of resist corrosion (left branch)
 k - a ring of protection from cold (right branch)
Scrolls
 j - a scroll of fear
 m - 2 scrolls of teleportation {unknown}
 n - 2 scrolls of identify
 p - a scroll of enchant weapon {unknown}
Potions
 d - a potion of might
 f - 3 potions of flight
 h - a potion of invisibility


   Skills:
 + Level 4.1 Fighting
 + Level 4.1 Axes
 + Level 4.2 Armour
 * Level 4.4 Shields


You had 5 spell levels left.
You didn't know any spells.
Your spell library contained the following spells:

 Spells                   Type           Power      Damage    Failure   Level
 Ensorcelled Hibernation  Hex/Ice        0%         N/A       54%         2
 Mephitic Cloud           Conj/Pois/Air  0%         N/A       78%         3
 Summon Ice Beast         Ice/Summ       0%         N/A       99%         4
 Polar Vortex             Ice            0%         N/A       100%        9


Dungeon Overview and Level Annotations

Branches:
Dungeon (4/15)
 Temple: D:4-7

Altars:


Innate Abilities, Weirdness & Mutations

You are a tree.
Your roots penetrate the ground, keeping you stationary.
You cannot be teleported.
You are immune to unholy pain and torment.
Your maximum health is greatly increased.
Your equipment is partially melded.
You are immune to sickness and miasma.
((Your stone body is resilient. (AC +4)))
You are immune to poison.
You resist negative energy. (rN+)
((You are resistant to electric shocks. (rElec)))
You are resistant to unholy torment.
You are immune to petrification.


Message History

You barely miss the orc.
The orc is moderately wounded.
You closely miss the kobold. The orc hits you with a +0 hand axe.
* * * LOW HITPOINT WARNING * * *
The orc hits you but does no damage. The kobold hits you but does no damage.
The orc misses you.
Unknown command.
It was a potion of magic.
Magic courses through your body. The orc barely misses you.
The kobold hits you but does no damage. You block the orc's attack.
It was a potion of lignification.
You turn into a tree.
Your +2 helmet melds into your body.
Your +0 pair of boots melds into your body.
Your +0 scale mail melds into your body.
Your roots penetrate the ground.
The orc hits you but does no damage. The kobold hits you but does no damage.
The orc hits you but does no damage.
You hit the orc.
You kill the orc!
You hit the kobold.
The orc hits you from afar with a +2 antimagic trident.
* * * LOW HITPOINT WARNING * * *
You feel your power leaking away. The kobold completely misses you.
The orc hits you but does no damage.
You slash the kobold!
You kill the kobold!
The orc completely misses you.
You cannot move.
Unknown command.
Okay, then.
The orc hits you but does no damage. You block the orc's attack.
The orc hits you but does no damage.
The orc hits you from afar with a +2 antimagic trident.
* * * LOW HITPOINT WARNING * * *
You feel your power leaking away. The orc hits you but does no damage.
You block the orc's attack. You block the orc's attack.
The orc hits you from afar with a +2 antimagic trident.
You die...

#...#'#.....#.#
#..
#...#'#.....#.#
###
#...........#.#
##..........#.#
###
#.....#..#.#.#
#...
#.....##.#.#.#
#.... #.....#
.# #.#
#....o#)##+## #
#<# #.....)♣#
### #....#))#
#... #... ###
#..## ....
#.... .....
##.#...


You could see an orc.

Vanquished Creatures
  A bullfrog (D:4)
  A jelly (D:4)
  An orc priest (D:3)
  Terence (D:3)
  4 adders
  An adder skeleton (D:2)
  A worm (D:2)
  3 dart slugs (D:1)
  2 orcs (D:3)
  4 ball pythons
  4 bats
  4 endoplasms
  3 giant cockroaches
  4 goblins
  6 hobgoblins
  8 jackals (D:1)
  8 kobolds
  4 quokkas (D:1)
  4 frilled lizards
  5 rats
69 creatures vanquished.

Vanquished Creatures (others)
  2 fungi (D:4)
2 creatures vanquished.

Grand Total: 71 creatures vanquished

Notes
Turn   | Place    | Note
-------+----------+-------------------------------------------
     0 | D:1      | bande the Gargoyle Fighter began the quest for the Orb.
     0 | D:1      | Reached XP level 1. HP: 14/14 MP: 1/1
    98 | D:1      | Reached XP level 2. HP: 19/19 MP: 2/2
   213 | D:1      | Reached XP level 3. HP: 22/23 MP: 3/3
  1302 | D:2      | Reached XP level 4. HP: 27/29 MP: 4/4
  1543 | D:2      | You fall into a shaft and drop 2 floors!
  1652 | D:4      | Noticed a bullfrog
  1657 | D:4      | Killed a bullfrog
  1658 | D:4      | Reached XP level 5. HP: 27/33 MP: 5/5
  2153 | D:3      | Got the Disquisition on Ice and Contamination
  2217 | D:3      | Noticed Terence
  2228 | D:3      | Killed Terence
  2229 | D:3      | Reached XP level 6. HP: 28/38 MP: 6/6
  2339 | D:3      | HP: 1/57 [orc (4)]
  2343 | D:3      | Slain by an orc

Illustrated notes

Levels and vault maps discovered:
D:1:      eino_arrival_water_cross, layout_basic, minmay_tiny_reverse_x
D:2:      layout_loops_ring
D:3:      layout_basic, minmay_fractal_squares_gapless_5, uniq_terence
D:4:      layout_basic, mainiacjoe_overflow_chevrons, uniq_ijyb

Skill      XL: |  1  2  3  4  5 |
---------------+----------------+-----
Axes           | 2 3 4 |  4.1
Shields        | 4 |  4.4
Fighting       | 4 |  4.1
Armour         | 4 |  4.2

Action                   |  1- 3 |  4- 6 || total
-------------------------+-------+-------++-------
Melee: War axe           |    97 |    79 ||   176
  Use: Scroll            |     1 |     3 ||     4
       Potion            |       |     2 ||     2
Armor: Scale mail        |    56 |    48 ||   104
       Skin              |       |     7 ||     7
Dodge: Dodged            |    49 |    57 ||   106
Block: Buckler           |    24 |    26 ||    50

Table legend: (Time is in decaauts)
 A = Elapsed time spent in this place.
 B = Non-inter-level travel time spent in this place.
 C = Inter-level travel time spent in this place.
 D = Time resting spent in this place.
 E = Time spent auto-exploring this place.
 F = Levels seen in this place.
 G = Mean time per level.
                   A        B        C        D        E       F      G
               +--------+--------+--------+--------+--------+-----+--------+
         Total |   2407 |   2389 |     18 |     78 |   1744 |   4 |  601.8 |
       Dungeon |   2407 |   2389 |     18 |     78 |   1744 |   4 |  601.8 |
               +--------+--------+--------+--------+--------+-----+--------+

Top non-repeatable levels by time:
     D:1: 1221 daAuts
     D:2: 693 daAuts
     D:3: 350 daAuts
     D:4: 142 daAuts
